 Dungeon Crawl Stone Soup version 0.32-a0-468-g38b2580584 (webtiles) character file.

Game seed: 8933314602156240532

221 ragingrage the Slasher (level 5, -5/38 HPs)
             Began as a Coglin Warper on Feb 24, 2024.
             Slain by a black bear (8 damage)
             ... on level 4 of the Dungeon.
             The game lasted 00:02:11 (3549 turns).

ragingrage the Slasher (Coglin Warper)              Turns: 3549, Time: 00:02:12

Health: -5/38      AC:  3    Str: 11    XL:     5   Next: 98%
Magic:  0/7        EV: 11    Int: 12    God:
Gold:   246        SH:  0    Dex: 16    Spells: 6/7 levels left

rFire   . . .        a - +0 falchion {Aiguo}
rCold   . . .        e - +0 dagger {Septima}
rNeg    . . .        b - +0 leather armour
rPois   .            (no helmet)
rElec   .            (no cloak)
rCorr   .            (no gloves)
SInv    .            (no boots)
Will    .....        t - amulet of guardian spirit
Stlth   +            (ring unavailable)
HPRegen 0.26/turn    (ring unavailable)
MPRegen 0.10/turn

%: guardian spirit
@: revving
A: off-hand wielding, slow wielding, warmup strikes, no rings
a: no special abilities


You were on level 4 of the Dungeon.
You visited 1 branch of the dungeon, and saw 4 of its levels.

You collected 246 gold pieces.

Inventory:

Hand Weapons
 a - a +0 falchion (weapon) {Aiguo}
 e - a +0 dagger (offhand) {Septima}
Missiles
 d - 6 darts of dispersal
 s - a throwing net
Armour
 b - a +0 leather armour (worn)
 r - a +0 pair of boots
Jewellery
 t - an amulet of guardian spirit (around neck)
Scrolls
 c - a scroll of blinking
 g - 2 scrolls of immolation {unknown}
 h - 3 scrolls of vulnerability {unknown}
 i - 2 scrolls of identify {unknown}
 k - a scroll of fog {unknown}
 n - a scroll of fear {unknown}
 o - a scroll of silence {unknown}
 q - a scroll of enchant armour {unknown}
Potions
 f - a potion of lignification {unknown}
 j - a potion of might {unknown}
 l - a potion of berserk rage {unknown}
 m - 3 potions of curing {unknown}
 p - 2 potions of enlightenment {unknown}


   Skills:
 - Level 2.0 Fighting
 + Level 4.4 Long Blades
 - Level 0.8 Throwing
 - Level 0.8 Armour
 - Level 1.7 Dodging
 - Level 1.7 Spellcasting
 - Level 2.0 Conjurations
 - Level 3.0 Translocations
 + Level 3.2 Alchemy


You had 6 spell levels left.
You knew the following spells:

 Your Spells              Type           Power      Damage    Failure   Level
a - Sting                 Conj/Alch      28%        1d4       13%         1

Your spell library contained the following spells:

 Spells                   Type           Power      Damage    Failure   Level
 Magic Dart               Conj           20%        1d4       16%         1
 Blink                    Tloc           16%        N/A       16%         2
 Lesser Beckoning         Tloc           16%        N/A       16%         2
 Searing Ray              Conj           10%        2d4       24%         2
 Mercury Vapours          Alch/Air       8%         N/A       28%         2
 Teleport Other           Tloc           8%         N/A       32%         3
 Olgreb's Toxic Radiance  Alch           8%         N/A       69%         4
 Manifold Assault         Tloc           8%         N/A       71%         4
 Fulminant Prism          Conj/Alch      3%         3d5       77%         4
 Vhi's Electric Charge    Tloc/Air       8%         N/A       89%         4


Dungeon Overview and Level Annotations

Branches:
Dungeon (4/15)
 Temple: D:4-7

Altars:

Annotations:
D:3 1 runed translucent door, Jason515's ghost, weakling TeSu


Innate Abilities, Weirdness & Mutations

You can wield a second weapon in your off-hand.
It takes a long time for you to wield or remove held weapons.
Your first few attacks do less damage.
Your grasper-arms cannot wear rings.


Message History

The black bear completely misses you. The black bear claws you.
A black bear is nearby!
You closely miss the black bear with your +0 dagger.
You slash the black bear with your +0 falchion!
The black bear closely misses you. The black bear barely misses you.
The black bear claws you.
The sting hits the black bear.
The black bear looks even sicker.
The black bear bites you. The black bear barely misses you.
The black bear claws you but does no damage.
A black bear is nearby!
You hit the black bear with your +0 dagger.
You hit the black bear but do no damage.
The black bear goes berserk!
Aiming: Sting (safe; 13% risk of failure)
Press: ? - help, Q - select action, (/) - cycle Shift-Dir - straight line, f/p - black bear
Aim: a black bear (severely wounded, berserk, very poisoned, 77% to hit)
The sting hits the black bear.
The black bear looks even sicker.
The black bear bites you. The black bear claws you. x2
Aiming: Sting (safe; 13% risk of failure)
Press: ? - help, Q - select action, (/) - cycle Shift-Dir - straight line, f/p - black bear
Aim: a black bear (severely wounded, berserk, very poisoned, 77% to hit)
The sting hits the black bear.
The black bear looks as sick as possible!
The black bear barely misses you. The black bear closely misses you.
The black bear claws you. The black bear bites you. The black bear claws you.
The black bear barely misses you.
You closely miss the black bear with your +0 falchion.
You hit the black bear with your +0 dagger.
The black bear bites you!
* * * LOW HITPOINT WARNING * * *
The black bear claws you but does no damage.
The black bear claws you.
* * * LOW HITPOINT WARNING * * *
Throw: 7 darts (disperse)
Press: ? - help, Shift-Dir - straight line, f/p - black bear
Aim: a black bear (almost dead, berserk, extremely poisoned, 65% to hit)
You throw a dart of dispersal.
The dart of dispersal barely misses the black bear.
The black bear bites you!
You die...

##.###
#....#
####.#
#.# #.#
#.# #.#
#.# #@#
#..h.#
##.###.#
#.###.#
# ..#.#
#.#.#
#.#.####
#.#....#
#.#....#
########


You could see a black bear (berserk, extremely poisoned).

Vanquished Creatures
  A bombardier beetle (D:4)
  An orc wizard (D:3)
  7 adders
  2 dart slugs
  A ribbon worm (D:3)
  10 orcs
  6 ball pythons
  10 endoplasms
  3 giant cockroaches
  4 goblins
  8 hobgoblins
  3 jackals (D:4)
  4 quokkas
  3 bats (D:3)
  7 frilled lizards
  4 kobolds
  7 rats
81 creatures vanquished.

Notes
Turn   | Place    | Note
-------+----------+-------------------------------------------
     0 | D:1      | ragingrage the Coglin Warper began the quest for the Orb.
     0 | D:1      | Reached XP level 1. HP: 16/16 MP: 3/3
   213 | D:1      | Reached XP level 2. HP: 22/22 MP: 4/4
   220 | D:1      | Learned a level 1 spell: Sting
   434 | D:1      | Reached skill level 3 in Long Blades
   830 | D:2      | Reached XP level 3. HP: 24/27 MP: 5/5
   898 | D:2      | Reached skill level 1 in Alchemy
   937 | D:2      | Reached skill level 1 in Conjurations
  1122 | D:2      | Reached XP level 4. HP: 25/33 MP: 6/6
  2187 | D:3      | Found a runed translucent door.
  2192 | D:3      | Noticed Jason515's ghost (weakling TeSu)
  2411 | D:2      | Reached XP level 5. HP: 27/38 MP: 4/7
  2754 | D:4      | Reached skill level 4 in Long Blades
  3540 | D:4      | Noticed a black bear
  3549 | D:4      | Slain by a black bear

Illustrated notes

Levels and vault maps discovered:
D:1:      roderic_crop_circles_arrival_small, layout_basic, minmay_tromino_v4_b
D:2:      layout_basic, st_stairs_14
D:3:      layout_rooms, ebering_ghost_reflecting_pool, minmay_gold_behind_fungi
D:4:      layout_basic, interstate_on_off

Skill      XL: |  1  2  3  4  5 |
---------------+----------------+-----
Long Blades    | 3 4 |  4.4
Alchemy        | 1 2 3 |  3.2
Conjurations   | 1 2 |  2.0
Fighting       | |  2.0
Throwing       | |  0.8
Armour         | |  0.8
Dodging        | |  1.7
Spellcasting   | |  1.7
Translocations | |  3.0

Action                     |  1- 3 |  4- 6 || total
---------------------------+-------+-------++-------
  Melee: Falchion          |    64 |    83 ||   147
         Dagger            |    54 |    79 ||   133
  Throw: Dart              |       |     1 ||     1
   Cast: Sting             |       |    60 ||    60
 Armour: Leather armour    |    34 |    81 ||   115
  Dodge: Dodged            |    35 |    67 ||   102

Table legend: (Time is in decaauts)
 A = Elapsed time spent in this place.
 B = Non-inter-level travel time spent in this place.
 C = Inter-level travel time spent in this place.
 D = Time resting spent in this place.
 E = Time spent auto-exploring this place.
 F = Levels seen in this place.
 G = Mean time per level.
                   A        B        C        D        E       F      G
               +--------+--------+--------+--------+--------+-----+--------+
         Total |   3554 |   3493 |     61 |    545 |   2410 |   4 |  888.5 |
       Dungeon |   3554 |   3493 |     61 |    545 |   2410 |   4 |  888.5 |
               +--------+--------+--------+--------+--------+-----+--------+

Top non-repeatable levels by time:
     D:2: 1299 daAuts
     D:4: 812 daAuts
     D:3: 727 daAuts
     D:1: 715 daAuts
